 Dungeon Crawl Stone Soup version 0.31.0-7-gf635a9b802 (webtiles) character file.

Game seed: 8289768102919942638

892 Esekla the Slasher (level 8, 0/54 HPs)
             Began as an Octopode Cinder Acolyte on Jan 24, 2024.
             Was an Elder of Ignis.
             Slain by an adder (2 damage)
             ... on level 5 of the Dungeon.
             The game lasted 00:20:33 (4901 turns).

Esekla the Slasher (Octopode Cinder Acolyte)        Turns: 4901, Time: 00:20:33

Health: 0/54       AC:  1    Str: 12 (14) XL:     8   Next: 6%
Magic:  13/13      EV:  2    Int: 17 (18) God:    Ignis [****..]
Gold:   318        SH:  0    Dex: -6 (7)  Spells: 9/14 levels left

rFire   + . .        a - -1 falchion (flame)
rCold   . . .        (no shield)
rNeg    . . .        (helmet restricted)
rPois   .            (no amulet)
rElec   .            m - +5 ring of evasion
rCorr   .            (no ring)
SInv    .            (no ring)
Will    .....        (no ring) Stlth
                     (no ring)
HPRegen 0.29/turn    (no ring)
MPRegen 0.13/turn    (no ring)
                     (no ring)

%: no passive effects
@: brilliant, lethally poisoned (0 -> -4), slowed, lost dexterity, very slow
A: almost no armour, amphibious, 8 rings, camouflage 1, gelatinous body 1,
(nimble swimmer 1), tentacles
a: Renounce Religion, Fiery Armour, Foxfire Swarm, Rising Flame


You were on level 5 of the Dungeon.
You worshipped Ignis.
Ignis was greatly pleased with you.
You visited 1 branch of the dungeon, and saw 6 of its levels.

You collected 318 gold pieces.

Inventory:

Hand Weapons
 a - a -1 falchion of flaming (weapon)
 s - a +0 dagger of freezing
Missiles
 q - a throwing net (quivered)
 v - 2 boomerangs
Armour
 t - a +0 buckler
Jewellery
 m - a +5 ring of evasion (left tentacle)
 o - a ring of fire
Wands
 p - a wand of iceblast (10)
 u - a wand of acid (7)
Scrolls
 c - a scroll of silence {unknown}
 f - 2 scrolls of noise {unknown}
 h - 3 scrolls of fog {unknown}
 j - 2 scrolls of identify {unknown}
 k - a scroll of poison {unknown}
 l - 5 scrolls of teleportation {unknown}
 n - a scroll of blinking {unknown}
 w - a scroll of revelation {unknown}
Potions
 b - 2 potions of ambrosia {unknown}
 d - a potion of curing {unknown}
 e - a potion of degeneration
 g - 2 potions of brilliance
 i - a potion of heal wounds {unknown}
 r - 2 potions of mutation {unknown}


   Skills:
 * Level 4.4 Fighting
 + Level 0.1(3.1) Short Blades
 * Level 5.1 Long Blades
 * Level 2.6 Dodging
 + Level 4.0 Stealth
 * Level 1.4 Shields
 * Level 3.7 Spellcasting
 + Level 3.8 Fire Magic
 * Level 2.0 Ice Magic


You had 9 spell levels left.
You knew the following spells:

 Your Spells              Type           Power      Damage    Failure   Level
o - Scorch                Fire           48%        2d7       4%          2
r - Frozen Ramparts       Ice            30%        1d5       22%         3

Your spell library contained the following spells:

 Spells                   Type           Power      Damage    Failure   Level
 Freeze                   Ice            60%        1d7       7%          1
 Summon Small Mammal      Summ           16%        N/A       16%         1
 Ensorcelled Hibernation  Hex/Ice        18%        N/A       16%         2
 Lesser Beckoning         Tloc           8%         N/A       24%         2
 Hailstorm                Conj/Ice       9%         3d6       32%         3
 Call Canine Familiar     Summ           4%         N/A       43%         3
 Gell's Gravitas          Tloc           4%         N/A       43%         3
 Passwall                 Erth           4%         N/A       43%         3
 Swiftness                Air            4%         N/A       43%         3
 Teleport Other           Tloc           4%         N/A       43%         3
 Summon Blazeheart Golem  Fire/Summ      14%        N/A       58%         4


Dungeon Overview and Level Annotations

Branches:
Dungeon (6/15)
 Temple: D:4-7

Altars:

Shops:
D:2 (

Annotations:
D:3 Grinder
D:6 Dowan, Duvessa


Innate Abilities, Weirdness & Mutations

You cannot wear most types of armour.
You are amphibious.
You can wear up to eight rings at the same time.
Your skin changes colour to match your surroundings (Stealth+).
Your rubbery body absorbs attacks. (AC +1, EV +1)
((You are camouflaged when in or above water. (Stealth+)))
You have tentacles for arms and can constrict up to eight enemies at once.


Message History

Pain shoots through your body!
An adder comes into view.
The shadow imp shouts, "Accept thy fall, thou erky toot-wallowing guttersnipe!"
The hound bites you.
The adder hisses angrily.
You hit the hound but do no damage. You squeeze the hound!
The hound is severely wounded.
You constrict the hound. The hound bites you. x2
You hit the hound. You burn the hound.
You kill the hound!
The adder bites you but does no damage. The shadow imp hits you.
Your Ice Magic skill increases to level 2!
The adder bites you.
You are poisoned.
The adder poisons you!
You feel sick. The adder barely misses you. The adder bites you.
The shadow imp hits you.
* * * LOW HITPOINT WARNING * * *
You feel sick. The adder attacks as it pursues you!
The adder barely misses you.
The shadow imp grins evilly.
The adder bites you.
* * * LOW HITPOINT WARNING * * *
You are more poisoned.
The adder poisons you!
It was a potion of brilliance.
You feel clever all of a sudden.
You feel very sick. The adder bites you.
* * * LOW HITPOINT WARNING * * *
The adder bites you.
* * * LOW HITPOINT WARNING * * *
It was a potion of degeneration.
There was something very wrong with that liquid.
You feel weakened.
You feel dopey.
You feel clumsy.
* * * LOW HITPOINT WARNING * * *
You feel sick. The adder bites you.
* * * LOW HITPOINT WARNING * * *
The adder bites you.
You die...

#...♣. #######.###.# ##
##.P♣..#............# ..
#...[....# ##.......# ##.#
.........## ##......# #)...
..........####.....(#
#...####....†.#...........#
#$..##......#55.###.#####.#
###...##.###' ##S## #.# #.#
.........# # #@# #†# .#
.........# #.# #.#####.#
.........# #.####........
.........# #.......[.....
.........# #####..######.
.......### #.## .....###
#.# ...### ### .###


You could see an adder, a white imp and a shadow imp.

Vanquished Creatures
  2 black bears
  A phantom (D:5)
  Blork the orc (D:4)
  2 scorpions
  2 quasits (D:5)
  3 hounds
  Ijyb (D:4)
  2 iguanas
  A sleepcap (D:5)
  3 adders
  8 shadow imps
  2 white imps
  An ufetubus (D:5)
  3 dart slugs
  3 ribbon worms (D:2)
  4 orcs
  6 ball pythons
  9 endoplasms
  3 giant cockroaches
  2 goblins
  8 hobgoblins
  10 jackals
  3 kobolds
  5 quokkas
  4 bats
  2 frilled lizards
  6 rats
97 creatures vanquished.

Notes
Turn   | Place    | Note
-------+----------+-------------------------------------------
     0 | D:1      | Esekla the Octopode Cinder Acolyte began the quest for the
                  | Orb.
     0 | D:1      | Reached XP level 1. HP: 16/16 MP: 2/2
   156 | D:1      | Reached XP level 2. HP: 20/21 MP: 3/3
   167 | D:1      | Learned a level 2 spell: Scorch
   719 | D:2      | Found Tirhopni's Weapon Emporium.
   765 | D:2      | Reached XP level 3. HP: 17/26 MP: 1/4
  1482 | D:2      | Reached skill level 1 in Dodging
  1588 | D:3      | Reached XP level 4. HP: 23/31 MP: 6/6
  1945 | D:3      | Noticed Grinder
  2121 | D:4      | Noticed a scorpion
  2206 | D:4      | Killed a scorpion
  2207 | D:4      | Reached skill level 4 in Long Blades
  2207 | D:4      | Reached XP level 5. HP: 13/36 MP: 0/7
  2494 | D:4      | Noticed Blork the orc
  2865 | D:4      | Noticed Ijyb
  2878 | D:4      | Killed Ijyb
  2880 | D:4      | Reached XP level 6. HP: 20/43 MP: 1/9
  2922 | D:4      | Learned a level 3 spell: Frozen Ramparts
  3125 | D:4      | Killed Blork the orc
  3357 | D:5      | Entered Level 5 of the Dungeon
  3385 | D:5      | Noticed a black bear
  3702 | D:6      | Noticed Duvessa
  3702 | D:6      | Noticed Dowan
  3713 | D:6      | Reached skill level 1 in Ice Magic
  3755 | D:6      | Killed a black bear
  3756 | D:6      | Reached XP level 7. HP: 28/47 MP: 9/11
  3890 | D:4      | Reached skill level 5 in Long Blades
  3890 | D:4      | Reached skill level 1 in Shields
  4643 | D:5      | Lost dexterity.
  4649 | D:5      | Reached XP level 8. HP: 13/54 MP: 1/13
  4901 | D:5      | HP: 2/54 [adder (2)]
  4901 | D:5      | Slain by an adder

Illustrated notes

Levels and vault maps discovered:
D:1:      heliophobic_arrival_dark_side_of_the_moon, layout_basic
D:2:      layout_basic, serial_shops, nicolae_shop_stone
D:3:      layout_loops_ring, uniq_grinder
D:4:      layout_basic, nrook_mini_backslash, kennysheep_generic_room_12,
          uniq_blork_the_orc, uniq_ijyb
D:5:      layout_loops_ring, minmay_overflow_temple_star_quad, serial_demonic,
          serial_demonic_a, serial_demonic_g, serial_demonic_f,
          serial_demonic_e, serial_demonic_e, serial_demonic_e,
          serial_demonic_d, serial_demonic_f, serial_demonic_c, serial_demonic_c
D:6:      layout_basic, minivault_25, chequers_serial_rivers_room_b,
          uniq_duvessa

Skill      XL: |  1  2  3  4  5  6  7  8 |
---------------+-------------------------+-----
Dodging        | 1 2 |  2.6
Stealth        | 2 3 4 |  4.0
Long Blades    | 4 5 |  5.1
Spellcasting   | 2 3 |  3.7
Ice Magic      | 1 2 |  2.0
Fighting       | 4 |  4.4
Shields        | 1 |  1.4
Short Blades   | |  0.1
Fire Magic     | |  3.8

Action                     |  1- 3 |  4- 6 |  7- 9 || total
---------------------------+-------+-------+-------++-------
  Melee: Falchion          |    79 |    81 |    42 ||   202
         Constrict         |    18 |    16 |     9 ||    43
         Tentacles         |    10 |    15 |     5 ||    30
         Dagger            |    12 |     3 |       ||    15
         Punch             |     2 |       |     2 ||     4
   Cast: Scorch            |     1 |    19 |    29 ||    49
 Invoke: Fiery Armour      |       |     2 |     1 ||     3
    Use: Potion            |       |       |     2 ||     2
   Stab: Sleeping          |     5 |     8 |     1 ||    14
         Distracted        |       |     1 |       ||     1
 Armour: Skin              |    41 |    45 |    99 ||   185
  Dodge: Dodged            |    40 |    61 |    69 ||   170
